 Dungeon Crawl Stone Soup version 0.17-a0-1650-gce8475a (webtiles) character file.

290 Nakatomy the Poker (level 6, -7/51 HPs)
             Began as a Minotaur Fighter on Aug 13, 2015.
             Was a Follower of Qazlal.
             Killed by divine providence
             ... invoked by an orc priest
              (10 damage)
             ... on level 4 of the Dungeon.
             The game lasted 00:19:14 (3169 turns).

Nakatomy the Poker (Minotaur Fighter)               Turns: 3169, Time: 00:19:14

Health: -7/51      AC: 11    Str: 22    XL:     6   Next: 9%
Magic:  5/5        EV:  5    Int:  5    God:    Qazlal [*.....]
Gold:   95         SH: 11    Dex: 10    Spells: 0 memorised, 5 levels left

rFire  . . .     SeeInvis .     a - +0 trident
rCold  . . .     Clarity  .     m - +0 chain mail
rNeg   . . .     SustAt   .     c - +0 shield
rPois  .         Gourm    .     (helmet restricted)
rElec  .         Spirit   .     l - +0 cloak
rCorr  .         Warding  .     (no gloves)
rMut   .         Stasis   .     x - +0 pair of boots
MR     .....                    (no amulet)
Stlth  ..........               (no ring)
                                v - ring of stealth

@: not resistant to hostile enchantments, extremely unstealthy
A: retaliatory headbutt, horns 2
a: Renounce Religion


You were on level 4 of the Dungeon.
You worshipped Qazlal.
Qazlal was aware of your devotion.
You were hungry.

You visited 1 branch of the dungeon, and saw 4 of its levels.

You collected 95 gold pieces.

Inventory:

Hand weapons
 a - a +0 trident (weapon)
 b - a +2 hunting sling of flaming
Missiles
 r - 26 sling bullets (quivered)
Armour
 c - a +0 shield (worn)
 l - a +0 cloak (worn)
 m - a +0 chain mail (worn)
 x - a +0 pair of boots (worn)
Jewellery
 v - a ring of stealth (left hand)
Scrolls
 f - 2 scrolls of remove curse {unknown}
 h - 3 scrolls of magic mapping {unknown}
 n - a scroll of teleportation {unknown}
 q - 3 scrolls of identify {unknown}
 t - a scroll of recharging {unknown}
Potions
 d - a potion of might
 g - 2 potions of mutation {unknown}
 i - a potion of cure mutation {unknown}
 p - 3 potions of heal wounds {unknown}
 u - a potion of poison {unknown}
Comestibles
 e - 2 bread rations
 j - 10 chunks of flesh
 k - a meat ration
 o - a beef jerky
 s - 3 fruits
 w - a slice of pizza


   Skills:
 - Level 3.6 Fighting
 + Level 7.8 Polearms
 - Level 3.6 Armour
 - Level 3.6 Shields


You had 5 spell levels left.
You didn't know any spells.

Dungeon Overview and Level Annotations

Branches:
Dungeon (4/15)
 Temple: D:4-7

Altars:
Qazlal
Trog


Innate Abilities, Weirdness & Mutations

You reflexively headbutt those who attack you in melee.
You have a pair of horns on your head.


Message History

The orc priest hits you but does no damage.
Your chain mail prevents you from hitting the orc priest.
You headbutt the orc priest, but do no damage.
The orc priest is lightly wounded.
The orc priest hits you but does no damage.
You hit the orc priest. Your headbutt misses the orc priest.
The orc priest is moderately wounded.
The orc priest miscasts a cantrip.
You closely miss the orc priest. Your headbutt misses the orc priest.
The orc priest is moderately wounded.
The orc priest hits you but does no damage.
You hit the orc priest.
The orc priest is moderately wounded.
The orc priest hits you but does no damage.
You are feeling hungry.
You closely miss the orc priest.
The orc priest is moderately wounded.
The orc priest calls down the wrath of Beogh upon you.
Something smites you!
You die...

###+###+####
#..........#
#..........#
#..........#
#..........+
+....$..!..#
#.....ยง)o..#+##
...#+###@#.......
#....)#..o((..
#.....#.......
#.....).....o.
+.....#....o..
#.....#.......
##+###.....##'###'#
#..............#
+..............'


You could see an orc priest.

Vanquished Creatures
  An orc wizard (D:4)
  3 orc priests (D:4)
  A worker ant (D:4)
  4 adders
  4 worms
  6 giant geckos
  15 orcs
  2 ball pythons
  9 hobgoblins
  4 jackals (D:1)
  2 quokkas
  7 bats
  3 giant cockroaches
  A giant newt (D:1)
  7 goblins
  11 kobolds
  9 rats
89 creatures vanquished.

Notes
Turn   | Place    | Note
--------------------------------------------------------------
     0 | D:1      | Nakatomy the Minotaur Fighter began the quest for the Orb.
     0 | D:1      | Reached XP level 1. HP: 19/19 MP: 0/0
   213 | D:1      | Reached XP level 2. HP: 26/26 MP: 1/1
   381 | D:1      | Reached skill level 4 in Polearms
   756 | D:1      | Reached XP level 3. HP: 31/31 MP: 2/2
  1408 | D:2      | Reached skill level 5 in Polearms
  1602 | D:2      | Found a stormy altar of Qazlal.
  1672 | D:2      | Became a worshipper of Qazlal Stormbringer
  1794 | D:2      | Reached XP level 4. HP: 39/39 MP: 3/3
  2519 | D:3      | Acquired Qazlal's first power
  2581 | D:3      | Reached skill level 6 in Polearms
  2875 | D:4      | Noticed a moth of wrath
  2877 | D:4      | Found a bloodstained altar of Trog.
  2961 | D:4      | Reached XP level 5. HP: 45/45 MP: 4/4
  3072 | D:4      | Reached skill level 7 in Polearms
  3162 | D:4      | HP: 2/45 [orc priest/nerve-wracking pain (7)]
  3163 | D:4      | Reached XP level 6. HP: 2/51 MP: 5/5
  3169 | D:4      | Killed from afar by an orc priest

Vault maps used:
D:1:      lemuel_arrival_funnel
D:2:      lemuel_round_altar, first_bread, kennysheep_generic_room_10
D:4:      tgw_trog, serial_shops, shop

Action                   |  1- 3 |  4- 6 || total
-------------------------+-------+-------++-------
Melee: Trident           |   141 |   127 ||   268
 Fire: Hunting sling     |       |    10 ||    10
 Stab: Distracted        |       |     1 ||     1
  Eat: Chunk             |     3 |     4 ||     7
